TOP OF THE 1ST |
Boise Hawks batting - Pitching for Auburn Doubledays : LHP Ruben de Leon
|
Pitching: LHP Ruben de Leon
|
|
Batting: LHB Steve Gilliam
|
0-0: Ball 1-0: Ball 2-0: Foul Ball, location: 2F 2-1: Ball 3-1: Base on Balls
|
Batting: RHB Willis Morales
|
0-0: Ball Steve Gilliam steals 2nd base 1-0: Foul Ball, location: 2F 1-1: Ball 2-1: DOUBLE (Line Drive, 9LM, EV 94.4 MPH) Steve Gilliam scores
|
Batting: RHB John Boyer
|
0-0: Called Strike 0-1: Ball 1-1: SINGLE (Groundball, 6D, EV 103.8 MPH) Willis Morales to third
|
Batting: SHB Bobby Santor
|
0-0: Ball 1-0: Ball 2-0: Ball 3-0: Called Strike 3-1: Base on Balls John Boyer to second
|
Batting: LHB Zack Guillen
|
0-0: Fly out, F5 (Popup, 56, EV 70.0 MPH)
|
Batting: RHB John Stevenson
|
0-0: Ball 1-0: Foul Ball, location: 2F 1-1: Reached on error, E5 (Groundball, 56, EV 76.2 MPH) Willis Morales scores John Boyer to third Bobby Santor to second
|
Batting: LHB Glenn Lowther
|
0-0: Ball 1-0: Called Strike 1-1: Fly out, F7 (Flyball, 7D, EV 96.2 MPH) Runner from 3rd tags up, SCORES, throw by LF
|
Batting: RHB Chris Tatum
|
0-0: Called Strike 0-1: Swinging Strike 0-2: Strikes out swinging
|
Top of the 1st over - 3 runs, 2 hits, 1 error, 2 left on base; Boise 3 - Auburn 0 |
BOTTOM OF THE 1ST |
Auburn Doubledays batting - Pitching for Boise Hawks : LHP Juan Vargas
|
Pitching: LHP Juan Vargas
|
|
Batting: SHB Gabe Fraunfelder
|
0-0: Ball 1-0: Foul Ball, location: 2F 1-1: Called Strike 1-2: Ball 2-2: Ball 3-2: Foul Ball, location: 2F 3-2: Strikes out swinging
|
Batting: RHB Jim Miske
|
0-0: Ball 1-0: Ball 2-0: Ball 3-0: Base on Balls
|
Batting: RHB Slavik Nebrodov
|
0-0: Called Strike Jim Miske is caught stealing 2nd base 2-4 0-1: SINGLE (Groundball, 6MS, EV 86.2 MPH) (infield hit)
|
Batting: RHB Bobby Dieter
|
0-0: Called Strike 0-1: Ball 1-1: Foul Ball, location: 2F 1-2: Fielders Choice at 2nd, 6-4 (Groundball, 6, EV 107.5 MPH)
|
Bottom of the 1st over - 0 runs, 1 hit, 0 errors, 1 left on base; Boise 3 - Auburn 0 |
TOP OF THE 2ND |
Boise Hawks batting - Pitching for Auburn Doubledays : LHP Ruben de Leon
|
Batting: SHB Jamie Locke
|
0-0: Ball 1-0: Ball 2-0: Called Strike 2-1: Ball 3-1: Ground out 6-3 (Groundball, 6, EV 108.1 MPH)
|
Batting: LHB Steve Gilliam
|
0-0: Ball 1-0: Called Strike 1-1: Ball 2-1: Foul Ball, location: 2F 2-2: Strikes out swinging
|
Batting: RHB Willis Morales
|
0-0: Ball 1-0: Ball 2-0: Swinging Strike 2-1: Ball 3-1: Called Strike 3-2: Foul Ball, location: 2F 3-2: Base on Balls
|
Batting: RHB John Boyer
|
0-0: Ball Willis Morales steals 2nd base 1-0: Ball 2-0: Called Strike 2-1: Called Strike 2-2: Ball Wild Pitch! Willis Morales to third 3-2: Strikes out swinging
|
Top of the 2nd over - 0 runs, 0 hits, 0 errors, 1 left on base; Boise 3 - Auburn 0 |
BOTTOM OF THE 2ND |
Auburn Doubledays batting - Pitching for Boise Hawks : LHP Juan Vargas
|
Batting: LHB Mike Condon
|
0-0: Ground out 1-3 (Groundball, 13S, EV 70.6 MPH)
|
Batting: RHB Bryan Ernst
|
0-0: Foul Ball, location: 2F 0-1: Foul Ball, location: 2F 0-2: Ball 1-2: Strikes out swinging
|
Batting: LHB Diego Muniz
|
0-0: Ball 1-0: Ball 2-0: Called Strike 2-1: Ball 3-1: Foul Ball, location: 2F 3-2: SINGLE (Groundball, 34D, EV 108.1 MPH)
|
Batting: RHB Jon Hill
|
0-0: Ball 1-0: Called Strike 1-1: Ball Diego Muniz steals 2nd base 2-1: Swinging Strike 2-2: Foul Ball, location: 2F 2-2: Ball 3-2: Base on Balls
|
Batting: RHB David Rojas
|
0-0: Ball 1-0: Ball 2-0: Ball 3-0: Called Strike 3-1: Called Strike 3-2: Ground out 6-3 (Groundball, 6, EV 100.6 MPH)
|
Bottom of the 2nd over - 0 runs, 1 hit, 0 errors, 2 left on base; Boise 3 - Auburn 0 |
TOP OF THE 3RD |
Boise Hawks batting - Pitching for Auburn Doubledays : LHP Ruben de Leon
|
Batting: SHB Bobby Santor
|
0-0: SINGLE (Groundball, 4MD, EV 110.0 MPH)
|
Batting: LHB Zack Guillen
|
0-0: Foul Ball, location: 2F 0-1: Ball Wild Pitch! Bobby Santor to second 1-1: Foul Ball, location: 2F 1-2: Ball 2-2: Ball 3-2: Base on Balls
|
Batting: RHB John Stevenson
|
0-0: Fly out, F9 (Flyball, 89D, EV 95.0 MPH) Runner from 2nd tags up, SAFE at 3rd, no throw by RF
|
Batting: LHB Glenn Lowther
|
0-0: Ball 1-0: Fielders Choice at 2nd, 4-6 (Groundball, 4M, EV 103.1 MPH) Bobby Santor scores
|
Batting: RHB Chris Tatum
|
0-0: Ball 1-0: Foul Ball, location: 2F 1-1: Ball 2-1: Ball Glenn Lowther steals 2nd base 3-1: Foul Ball, location: 2F 3-2: Foul Ball, location: 2F 3-2: SINGLE (Groundball, 56, EV 101.9 MPH) Glenn Lowther to third Runner from 3rd tries for Home, SAFE, throw by LF to home
|
Batting: SHB Jamie Locke
|
0-0: Ball 1-0: Foul Ball, location: 2F 1-1: Ball 2-1: Ball 3-1: Ground out 4-3 (Groundball, 4MS, EV 88.8 MPH)
|
Top of the 3rd over - 2 runs, 2 hits, 0 errors, 1 left on base; Boise 5 - Auburn 0 |
BOTTOM OF THE 3RD |
Auburn Doubledays batting - Pitching for Boise Hawks : LHP Juan Vargas
|
Batting: SHB Gabe Fraunfelder
|
0-0: Ground out 6-3 (Groundball, 56, EV 87.5 MPH)
|
Batting: RHB Jim Miske
|
0-0: Ball 1-0: Called Strike 1-1: Called Strike 1-2: Foul Ball, location: 2F 1-2: Foul Ball, location: 2F 1-2: Foul Ball, location: 2F 1-2: Fly out, F6 (Line Drive, 6, EV 70.0 MPH)
|
Batting: RHB Slavik Nebrodov
|
0-0: Ball 1-0: Ball 2-0: Foul Ball, location: 2F 2-1: Ball 3-1: Foul Ball, location: 2F 3-2: Base on Balls
|
Batting: RHB Bobby Dieter
|
0-0: Ball 1-0: Ball Wild Pitch! Slavik Nebrodov to second 2-0: Ball 3-0: Base on Balls
|
Batting: LHB Mike Condon
|
0-0: DOUBLE (Flyball, 8LD, EV 103.8 MPH) Slavik Nebrodov scores Bobby Dieter to third
|
Batting: RHB Bryan Ernst
|
0-0: Called Strike 0-1: Ball 1-1: Ground out 6-3 (Groundball, 6, EV 85.0 MPH)
|
Bottom of the 3rd over - 1 run, 1 hit, 0 errors, 2 left on base; Boise 5 - Auburn 1 |
TOP OF THE 4TH |
Boise Hawks batting - Pitching for Auburn Doubledays : LHP Ruben de Leon
|
Batting: LHB Steve Gilliam
|
0-0: Ball 1-0: Called Strike 1-1: Foul Ball, location: 2F 1-2: Fly out, F3 (Line Drive, 3, EV 67.5 MPH)
|
Batting: RHB Willis Morales
|
0-0: SINGLE (Line Drive, 56, EV 94.4 MPH)
|
Batting: RHB John Boyer
|
0-0: Called Strike Willis Morales is caught stealing 2nd base 2-4 0-1: Ball 1-1: SINGLE (Groundball, 4MD, EV 108.8 MPH)
|
Batting: SHB Bobby Santor
|
0-0: Called Strike 0-1: Ball 1-1: Fielders Choice at 2nd, 6-4 (Groundball, 6, EV 106.9 MPH)
|
Top of the 4th over - 0 runs, 2 hits, 0 errors, 1 left on base; Boise 5 - Auburn 1 |
BOTTOM OF THE 4TH |
Auburn Doubledays batting - Pitching for Boise Hawks : LHP Juan Vargas
|
Batting: LHB Diego Muniz
|
0-0: Ball 1-0: Ball 2-0: Foul Ball, location: 2F 2-1: Fly out, F7 (Flyball, 7LM, EV 88.1 MPH)
|
Batting: RHB Jon Hill
|
0-0: Called Strike 0-1: Foul Ball, location: 2F 0-2: Fly out, F2 (Popup, 3SF, EV 81.2 MPH)
|
Batting: RHB David Rojas
|
0-0: Foul Ball, location: 2F 0-1: Ball 1-1: Ball 2-1: Ball 3-1: Base on Balls
|
Pitching: LHP Dan Ott
|
|
Batting: SHB Gabe Fraunfelder
|
0-0: Swinging Strike 0-1: Called Strike 0-2: Ball 1-2: Ball 2-2: Strikes out looking
|
Bottom of the 4th over - 0 runs, 0 hits, 0 errors, 1 left on base; Boise 5 - Auburn 1 |
TOP OF THE 5TH |
Boise Hawks batting - Pitching for Auburn Doubledays : LHP Ruben de Leon
|
Batting: LHB Zack Guillen
|
0-0: Called Strike 0-1: Foul Ball, location: 2F 0-2: Ball 1-2: Foul Ball, location: 2F 1-2: Ball 2-2: Foul Ball, location: 2F 2-2: Ball 3-2: Strikes out looking
|
Batting: RHB John Stevenson
|
0-0: Ball 1-0: Ground out 5-3 (Groundball, 56, EV 91.9 MPH)
|
Batting: LHB Glenn Lowther
|
0-0: Swinging Strike 0-1: Swinging Strike 0-2: Strikes out swinging
|
Top of the 5th over - 0 runs, 0 hits, 0 errors, 0 left on base; Boise 5 - Auburn 1 |
BOTTOM OF THE 5TH |
Auburn Doubledays batting - Pitching for Boise Hawks : LHP Dan Ott
|
Batting: RHB Jim Miske
|
0-0: Ground out 6-3 (Groundball, 56, EV 108.8 MPH)
|
Batting: RHB Slavik Nebrodov
|
0-0: Ball 1-0: Called Strike 1-1: Foul Ball, location: 2F 1-2: Foul Ball, location: 2F 1-2: DOUBLE (Groundball, 5L, EV 106.9 MPH)
|
Batting: RHB Bobby Dieter
|
0-0: Ground out 5-3 (Groundball, 56, EV 86.9 MPH)
|
Batting: LHB Mike Condon
|
0-0: Swinging Strike 0-1: Ground out 6-3 (Groundball, 6, EV 90.6 MPH)
|
Bottom of the 5th over - 0 runs, 1 hit, 0 errors, 1 left on base; Boise 5 - Auburn 1 |
TOP OF THE 6TH |
Boise Hawks batting - Pitching for Auburn Doubledays : LHP Ruben de Leon
|
Batting: RHB Chris Tatum
|
0-0: Called Strike 0-1: Ball 1-1: Foul Ball, location: 2F 1-2: Foul Ball, location: 2F 1-2: Ground out 5-3 (Groundball, 56S, EV 66.2 MPH)
|
Batting: SHB Jamie Locke
|
0-0: Called Strike 0-1: Ball 1-1: Swinging Strike 1-2: Ball 2-2: TRIPLE (Groundball, 3L, EV 98.8 MPH)
|
Pitching: RHP Luis Galvez
|
|
Batting: LHB Steve Gilliam
|
0-0: Called Strike 0-1: Ball 1-1: Ball 2-1: Ball 3-1: Foul Ball, location: 2F 3-2: Foul Ball, location: 2F 3-2: Foul Ball, location: 2F 3-2: Foul Ball, location: 2F 3-2: Base on Balls
|
Batting: RHB Willis Morales
|
0-0: Called Strike Steve Gilliam steals 2nd base 0-1: Ground out 6-3 (Groundball, 6, EV 89.4 MPH) Jamie Locke scores Steve Gilliam to third
|
Batting: RHB John Boyer
|
0-0: SINGLE (Line Drive, 8LS, EV 93.1 MPH) Steve Gilliam scores
|
Batting: SHB Bobby Santor
|
0-0: Called Strike 0-1: Ball 1-1: SINGLE (Groundball, 6M, EV 93.8 MPH) John Boyer to second
|
Batting: LHB Zack Guillen
|
0-0: Called Strike 0-1: Ball 1-1: Ball 2-1: Ball 3-1: Called Strike 3-2: Base on Balls John Boyer to third Bobby Santor to second
|
Batting: RHB John Stevenson
|
0-0: Ball 1-0: Ball 2-0: Ball 3-0: Called Strike 3-1: Base on Balls John Boyer scores Bobby Santor to third Zack Guillen to second
|
Batting: LHB Glenn Lowther
|
0-0: Fly out, F7 (Line Drive, 7, EV 110.0 MPH)
|
Top of the 6th over - 3 runs, 3 hits, 0 errors, 3 left on base; Boise 8 - Auburn 1 |
BOTTOM OF THE 6TH |
Auburn Doubledays batting - Pitching for Boise Hawks : LHP Dan Ott
|
Batting: RHB Bryan Ernst
|
0-0: Called Strike 0-1: Ball 1-1: Swinging Strike 1-2: Strikes out looking
|
Batting: LHB Diego Muniz
|
0-0: Called Strike 0-1: Ball 1-1: Called Strike 1-2: Strikes out looking
|
Batting: RHB Jon Hill
|
0-0: Ball 1-0: Ball 2-0: Ground out 5-3 (Groundball, 5D, EV 88.1 MPH)
|
Bottom of the 6th over - 0 runs, 0 hits, 0 errors, 0 left on base; Boise 8 - Auburn 1 |
TOP OF THE 7TH |
Boise Hawks batting - Pitching for Auburn Doubledays : RHP Luis Galvez
|
Batting: RHB Chris Tatum
|
0-0: Foul Ball, location: 2F 0-1: Ball 1-1: Called Strike 1-2: Ball 2-2: Strikes out swinging
|
Batting: SHB Jamie Locke
|
0-0: Ground out 5-3 (Groundball, 56, EV 76.2 MPH)
|
Pinch Hitting: RHB Tyler Stebbins
|
0-0: Fly out, F8 (Line Drive, 8RD, EV 98.8 MPH)
|
Top of the 7th over - 0 runs, 0 hits, 0 errors, 0 left on base; Boise 8 - Auburn 1 |
BOTTOM OF THE 7TH |
Auburn Doubledays batting - Pitching for Boise Hawks : LHP Dan Ott
|
Now at 1B: Tyler Stebbins
|
|
Batting: RHB David Rojas
|
0-0: Swinging Strike 0-1: Ball 1-1: Ball 2-1: Foul Ball, location: 2F 2-2: Strikes out swinging
|
Batting: SHB Gabe Fraunfelder
|
0-0: Ball 1-0: Foul Ball, location: 2F 1-1: SINGLE (Line Drive, 6D, EV 96.9 MPH)
|
Batting: RHB Jim Miske
|
0-0: Called Strike 0-1: Foul Ball, location: 2F 0-2: Ball 1-2: Ball 2-2: Ball Gabe Fraunfelder steals 2nd base (no throw) 3-2: Strikes out looking
|
Batting: RHB Slavik Nebrodov
|
0-0: Ball 1-0: Foul Ball, location: 2F 1-1: Foul Ball, location: 2F 1-2: Ball 2-2: Strikes out swinging
|
Bottom of the 7th over - 0 runs, 1 hit, 0 errors, 1 left on base; Boise 8 - Auburn 1 |
TOP OF THE 8TH |
Boise Hawks batting - Pitching for Auburn Doubledays : RHP Luis Galvez
|
Batting: RHB Willis Morales
|
0-0: Ball 1-0: Ball 2-0: Ball 3-0: Foul Ball, location: 2F 3-1: Base on Balls
|
Pitching: RHP Mike DiFonzo
|
|
Batting: RHB John Boyer
|
0-0: Fly out, F7 (Line Drive, 7D, EV 100.0 MPH)
|
Batting: SHB Bobby Santor
|
0-0: Ball Willis Morales steals 2nd base 1-0: Foul Ball, location: 2F 1-1: Ball 2-1: Called Strike 2-2: Strikes out swinging
|
Batting: LHB Zack Guillen
|
0-0: Ball 1-0: Called Strike 1-1: Called Strike 1-2: Ball 2-2: Ball 3-2: Base on Balls
|
Batting: RHB John Stevenson
|
0-0: Called Strike 0-1: Ball 1-1: Fielders Choice at 2nd, 6-4 (Groundball, 6, EV 88.8 MPH)
|
Top of the 8th over - 0 runs, 0 hits, 0 errors, 2 left on base; Boise 8 - Auburn 1 |
BOTTOM OF THE 8TH |
Auburn Doubledays batting - Pitching for Boise Hawks : LHP Dan Ott
|
Pitching: RHP Jim Butler
|
|
Batting: RHB Bobby Dieter
|
0-0: Ball 1-0: Ball 2-0: Ball 3-0: Called Strike 3-1: Foul Ball, location: 2F 3-2: Fly out, F9 (Line Drive, 9D, EV 99.4 MPH)
|
Batting: LHB Mike Condon
|
0-0: Called Strike 0-1: Ball 1-1: Ball 2-1: DOUBLE (Line Drive, 9LD, EV 106.2 MPH)
|
Batting: RHB Bryan Ernst
|
0-0: Ball 1-0: Ball 2-0: Fly out, F9 (Flyball, 9S, EV 91.2 MPH)
|
Batting: LHB Diego Muniz
|
0-0: Swinging Strike 0-1: Swinging Strike 0-2: Strikes out swinging
|
Bottom of the 8th over - 0 runs, 1 hit, 0 errors, 1 left on base; Boise 8 - Auburn 1 |
TOP OF THE 9TH |
Boise Hawks batting - Pitching for Auburn Doubledays : RHP Mike DiFonzo
|
Batting: LHB Glenn Lowther
|
0-0: Ball 1-0: Ball 2-0: Called Strike 2-1: Foul Ball, location: 2F 2-2: SINGLE (Line Drive, 8LS, EV 88.8 MPH)
|
Batting: RHB Chris Tatum
|
0-0: Ball 1-0: Foul Ball, location: 2F 1-1: Grounds into double play, 6-4-3 (Groundball, 6, EV 97.5 MPH)
|
Batting: SHB Jamie Locke
|
0-0: Ball 1-0: Ball 2-0: Called Strike 2-1: Ball 3-1: Base on Balls
|
Batting: RHB Tyler Stebbins
|
0-0: Foul Ball, location: 2F 0-1: Swinging Strike 0-2: Strikes out looking
|
Top of the 9th over - 0 runs, 1 hit, 0 errors, 1 left on base; Boise 8 - Auburn 1 |
BOTTOM OF THE 9TH |
Auburn Doubledays batting - Pitching for Boise Hawks : RHP Jim Butler
|
Pinch Hitting: RHB Kevin Whitenack
|
0-0: Ball 1-0: Ball 2-0: Ball 3-0: Base on Balls
|
Pinch Hitting: RHB Jeff Page
|
0-0: Ball 1-0: Called Strike 1-1: Ball 2-1: Foul Ball, location: 2F 2-2: Ball 3-2: Strikes out swinging Kevin Whitenack steals 2nd base (no throw) Batter strikes out.
|
Batting: SHB Gabe Fraunfelder
|
0-0: Reached on error, E2 (Groundball, 2L, EV 69.4 MPH) Kevin Whitenack to third
|
Batting: RHB Jim Miske
|
0-0: Fly out, F5 (Popup, 5F, EV 77.5 MPH)
|
Batting: RHB Slavik Nebrodov
|
0-0: Ball 1-0: Foul Ball, location: 2F 1-1: Called Strike 1-2: Ball 2-2: Strikes out swinging
|
Bottom of the 9th over - 0 runs, 0 hits, 1 error, 2 left on base; Boise 8 - Auburn 1 |
|